 Dungeon Crawl Stone Soup version 0.27-a0-1188-g73eefd5def (webtiles) character file.

Game seed: 15200376090222564949

3 chippings the Charlatan (level 1, -1/15 HPs)
             Began as a Mummy Artificer on May 20, 2021.
             Slain by a jackal (2 damage)
             ... on level 1 of the Dungeon.
             The game lasted 00:00:45 (285 turns).

chippings the Charlatan (Mummy Artificer)            Turns: 285, Time: 00:00:45

Health: -1/15      AC:  3    Str: 15    XL:     1   Next: 41%
Magic:  1/1        EV: 11    Int: 10    God:
Gold:   0          SH:  0    Dex: 12    Spells: 0/0 levels left

rFire    x . .     SeeInvis .   a - +0 club
rCold    + . .     Faith    .   (no shield)
rNeg     + + +     Spirit   .   b - +0 leather armour
rPois    ∞         Reflect  .   (no helmet)
rElec    .         Harm     .   (no cloak)
rCorr    .         Rampage  .   (no gloves)
Will     .....                  (no boots)
Stlth    +.........             (no amulet)
HPRegen  0.05/turn              (no ring)
MPRegen  0.07/turn              (no ring)

@: no status effects
A: cold resistance 1, negative energy resistance 3, torment resistance 2, heat
vulnerability 1, no potions
a: no special abilities


You were on level 1 of the Dungeon.
You visited 1 branch of the dungeon, and saw 1 of its levels.

Inventory:

Hand Weapons
 a - a +0 club (weapon)
Armour
 b - a +0 leather armour (worn)
Wands
 c - a wand of flame (12) (quivered)
 d - a wand of charming (13)
Miscellaneous
 e - a piece from Xom's chessboard (15/15)


   Skills:
 + Level 1.1 Fighting
 + Level 1.6 Armour
 - Level 0.7 Dodging
 - Level 0.7 Stealth
 + Level 2.4 Evocations


You couldn't memorise any spells.
You didn't know any spells.
Your spell library was empty.

Dungeon Overview and Level Annotations

Branches:
Dungeon (1/15)

Altars:


Innate Abilities, Weirdness & Mutations

You are immune to poison.
Your flesh is cold resistant. (rC+)
You are immune to negative energy. (rN+++)
You are immune to unholy pain and torment.
You are vulnerable to heat. (rF-)
You do not drink.


Message History

The jackal is almost dead.
The jackal bites you. x2
You hit the jackal but do no damage.
The jackal is almost dead.
The jackal bites you but does no damage.
The jackal closely misses you.
You closely miss the jackal.
The jackal is almost dead.
The jackal bites you but does no damage. x2
You closely miss the jackal.
The jackal is almost dead.
The jackal bites you but does no damage. x2
You barely miss the jackal.
The jackal is almost dead.
The jackal barely misses you. The jackal closely misses you.
You hit the jackal but do no damage.
The jackal is almost dead.
The jackal barely misses you. The jackal bites you.
You closely miss the jackal.
The jackal is almost dead.
The jackal barely misses you. x2
You barely miss the jackal.
The jackal is almost dead.
The jackal closely misses you.
You hit the jackal but do no damage.
The jackal is almost dead.
The jackal barely misses you. The jackal bites you.
* * * LOW HITPOINT WARNING * * *
You barely miss the jackal.
The jackal is almost dead.
The jackal bites you but does no damage.
The jackal barely misses you.
You barely miss the jackal.
The jackal is almost dead.
The jackal misses you. The jackal bites you.
* * * LOW HITPOINT WARNING * * *
You hit the jackal but do no damage.
The jackal is almost dead.
The jackal closely misses you. The jackal bites you.
You die...

#..#..##..#...g......
#..#..##..#.h........
#..###..#.gh.h........
#.# ##.#..#..........
#. #.##.#.......... #
##.# ##.#.#####+#####
#####.#.### ###..#
........).# ##....#
#####..##.####@h####
#.........÷..##
#.##..#.###........ #
#...#.# #........ #+#
..# #........ ...#
#.....### ....#
#.....# .....# #.....#
...... #.....#


You could see a jackal.

Vanquished Creatures
  A goblin (D:1)
  A jackal (D:1)
2 creatures vanquished.

Vanquished Creatures (collateral kills)
  A jackal (D:1)
1 creature vanquished.

Vanquished Creatures (others)
  A jackal (D:1)
  A ball python (D:1)
2 creatures vanquished.

Grand Total: 5 creatures vanquished

Notes
Turn   | Place    | Note
-------+----------+-------------------------------------------
     0 | D:1      | chippings the Mummy Artificer began the quest for the Orb.
     0 | D:1      | Reached XP level 1. HP: 15/15 MP: 1/1
   285 | D:1      | Slain by a jackal

Illustrated notes

Levels and vault maps discovered:
D:1:      dpeg_arrival_simpleton_a, layout_basic, minmay_split_cup_large

Action                   || total
-------------------------++-------
Melee: Club              ||    30
Evoke: Wand              ||     5
Armor: Leather armour    ||    14
Dodge: Dodged            ||    25

Table legend: (Time is in decaauts)
 A = Elapsed time spent in this place.
 B = Non-inter-level travel time spent in this place.
 C = Inter-level travel time spent in this place.
 D = Time resting spent in this place.
 E = Time spent auto-exploring this place.
 F = Levels seen in this place.
 G = Mean time per level.
                   A        B        C        D        E       F      G
               +--------+--------+--------+--------+--------+-----+--------+
         Total |    293 |    293 |      0 |      0 |    211 |   1 |  293.0 |
       Dungeon |    293 |    293 |      0 |      0 |    211 |   1 |  293.0 |
               +--------+--------+--------+--------+--------+-----+--------+

Top non-repeatable levels by time:
     D:1: 293 daAuts
